 Dungeon Crawl Stone Soup version 0.30-a0-986-g7f2e898f52 (webtiles) character file.

Game seed: 1542946022593455082

73 avis the Ruffian (level 3, 0/29 HPs)
             Began as a Demigod Transmuter on Apr 1, 2023.
             Succumbed to an adder's poison
             ... on level 2 of the Dungeon.
             The game lasted 00:11:07 (1174 turns).

avis the Ruffian (Demigod Transmuter)               Turns: 1174, Time: 00:11:07

Health: 0/29       AC:  2    Str: 14 (15) XL:     3   Next: 83%
Magic:  8/8        EV: 12    Int: 13 (15) God:
Gold:   85         SH:  0    Dex: 12 (14) Spells: 5/6 levels left

rFire   . . .      SeeInvis .    c - +0 scimitar
rCold   . . .      Faith    .    (no shield)
rNeg    . . .      Spirit   .    a - +0 robe
rPois   .          Reflect  .    (no helmet)
rElec   .          Rampage  .    (no cloak)
rCorr   .                        (no gloves)
Will    .....                    (no boots)
Stlth   ++                       (no amulet)
HPRegen 0.24/turn                (no ring)
MPRegen 0.11/turn                (no ring)

@: lethally poisoned (0 -> -2)
A: high MP 1, forlorn, divine attributes
a: no special abilities


You were on level 2 of the Dungeon.
You visited 1 branch of the dungeon, and saw 2 of its levels.

You collected 85 gold pieces.

Inventory:

Hand Weapons
 c - a +0 scimitar (weapon)
Missiles
 b - 3 poisoned darts
Armour
 a - a +0 robe (worn)
 f - a +0 buckler
Jewellery
 h - a ring of protection from fire
Scrolls
 d - a scroll of amnesia {unknown}
 e - 2 scrolls of identify {unknown}
 g - a scroll of fog {unknown}
Potions
 i - a potion of attraction


   Skills:
 - Level 2.0 Fighting
 - Level 2.0 Dodging
 - Level 1.0 Stealth
 * Level 3.5 Unarmed Combat
 - Level 2.0 Spellcasting
 - Level 2.0 Transmutations


You had 5 spell levels left.
You knew the following spells:

 Your Spells              Type           Power      Damage    Failure   Level
a - Beastly Appendage     Tmut           12%        N/A       11%         1

Your spell library contained the following spells:

 Spells                   Type           Power      Damage    Failure   Level
 Wereblood                Tmut           6%         N/A       17%         2
 Spider Form              Tmut/Pois      3%         N/A       45%         3
 Ice Form                 Ice/Tmut       3%         N/A       86%         4


Dungeon Overview and Level Annotations

Branches:
Dungeon (2/15)


Innate Abilities, Weirdness & Mutations

You have an increased reservoir of magic. (+10% MP)
You shall have no god before yourself.
Your divine heritage dramatically boosts your attributes as you level up.


Message History

You closely miss the adder.
Your transformation is almost over.
The adder bites you. x2
You closely miss the adder. You claw the adder, but do no damage.
Your headbutt misses the adder. The adder bites you but does no damage.
The adder bites you.
You closely miss the adder. You headbutt the adder.
The adder is moderately wounded.
The adder bites you.
You are poisoned.
The adder poisons you! The adder bites you.
You are more poisoned.
The adder poisons you!
You barely miss the adder.
The adder is moderately wounded.
You feel very sick. The adder bites you.
You are more poisoned.
The adder poisons you! The adder closely misses you.
You closely miss the adder. You claw the adder. Your headbutt misses the adder.
The adder is heavily wounded.
You feel very sick. The adder bites you.
* * * LOW HITPOINT WARNING * * *
The adder completely misses you.
You slash the adder!
You kill the adder!
* * * LOW HITPOINT WARNING * * *
You feel sick.
Okay, then.
Your horns disappear.
Your talons disappear.
* * * LOW HITPOINT WARNING * * *
You feel sick.
There is a lethal amount of poison in your body!
* * * LOW HITPOINT WARNING * * *
You feel sick.
Okay, then.
* * * LOW HITPOINT WARNING * * *
You feel sick.
You die...

###.#
##............#
#...#
..............#
#.###
................#
PP##
..........##..###
..
...........#..#
.P
.....#####....#
..
.....#####....#
P.
........##.##.#
.. #....@.....#
.P #..#.##....# #
#.#......#
#.##......#
#.##.##.....
#)##......###
#.##.##..##
...... ..# ...


There were no monsters in sight!

Vanquished Creatures
  2 adders
  An adder skeleton (D:2)
  An adder zombie (D:2)
  6 endoplasms
  6 goblins
  2 hobgoblins
  3 jackals (D:1)
  2 kobolds
  3 quokkas
  A ball python skeleton (D:2)
  A ball python zombie (D:2)
  9 bats
  2 frilled lizards (D:1)
  9 rats
48 creatures vanquished.

Vanquished Creatures (others)
  2 demonic plants (D:2)
  2 plants (D:2)
4 creatures vanquished.

Grand Total: 52 creatures vanquished

Notes
Turn   | Place    | Note
-------+----------+-------------------------------------------
     0 | D:1      | avis the Demigod Transmuter began the quest for the Orb.
     0 | D:1      | Reached XP level 1. HP: 15/15 MP: 5/5
    17 | D:1      | Reached skill level 1 in Fighting
    54 | D:1      | Reached skill level 3 in Unarmed Combat
    94 | D:1      | Reached XP level 2. HP: 3/23 MP: 4/7
   275 | D:1      | Reached skill level 1 in Stealth
   535 | D:2      | Reached XP level 3. HP: 27/29 MP: 6/8
  1173 | D:2      | HP: 1/29 [poisoned by an adder]
  1174 | D:2      | Succumbed to an adder's poison

Illustrated notes

Levels and vault maps discovered:
D:1:      minmay_arrival_four_houses, layout_rooms, minmay_pentomino_t4
D:2:      minmay_roachtagon, layout_basic, serial_undead, serial_undead_d,
          serial_undead_a, serial_undead_e, serial_undead_c,
          shapermc_ecumenical_altar_gd, lexackson_kobold_supper, uniq_jessica

Skill      XL: |  1  2  3 |
---------------+----------+-----
Fighting       | 1 2 |  2.0
Unarmed Combat | 3 |  3.5
Dodging        | 2 |  2.0
Stealth        | 1 |  1.0
Spellcasting   | 2 |  2.0
Transmutations | 2 |  2.0

Action                     || total
---------------------------++-------
  Melee: Scimitar          ||   110
         Kick              ||    21
         Headbutt          ||     9
         Unarmed           ||     1
         Punch             ||     1
   Cast: Beastly Appendage ||    26
    Use: Potion            ||     3
   Stab: Sleeping          ||     1
 Armour: Robe              ||    25
         Skin              ||    17
  Dodge: Dodged            ||    94

Table legend: (Time is in decaauts)
 A = Elapsed time spent in this place.
 B = Non-inter-level travel time spent in this place.
 C = Inter-level travel time spent in this place.
 D = Time resting spent in this place.
 E = Time spent auto-exploring this place.
 F = Levels seen in this place.
 G = Mean time per level.
                   A        B        C        D        E       F      G
               +--------+--------+--------+--------+--------+-----+--------+
         Total |   1215 |   1144 |     71 |    220 |    436 |   2 |  607.5 |
       Dungeon |   1215 |   1144 |     71 |    220 |    436 |   2 |  607.5 |
               +--------+--------+--------+--------+--------+-----+--------+

Top non-repeatable levels by time:
     D:1: 736 daAuts
     D:2: 479 daAuts
